 Dungeon Crawl Stone Soup version 0.27.1-34-g3ba077fa99 (webtiles) character file.

Game seed: 313037320110192203

28 squill the Conjurer (level 3, -3/28 HPs)
             Began as a Hill Orc Conjurer on Jan 11, 2022.
             Killed from afar by Sigmund (5 damage)
             ... with a magic dart
             ... on level 2 of the Dungeon.
             The game lasted 00:02:33 (1259 turns).

squill the Conjurer (Hill Orc Conjurer)             Turns: 1259, Time: 00:02:34

Health: -3/28      AC:  2    Str:  9    XL:     3   Next: 14%
Magic:  1/5        EV: 11    Int: 19    God:
Gold:   50         SH:  0    Dex:  9    Spells: 2/5 levels left

rFire    . . .     SeeInvis .   n - +2 hand axe (vorpal)
rCold    + . .     Faith    .   (no shield)
rNeg     . . .     Spirit   .   a - +0 robe
rPois    .         Reflect  .   (no helmet)
rElec    .         Harm     .   (no cloak)
rCorr    .         Rampage  .   (no gloves)
Will     .....                  (no boots)
Stlth    +.........             f - amulet of magic regeneration
HPRegen  0.09/turn              j - ring of protection from cold
MPRegen  0.34/turn              (no ring)

@: no status effects
A: no striking features
a: no special abilities


You were on level 2 of the Dungeon.
You visited 1 branch of the dungeon, and saw 2 of its levels.

You collected 50 gold pieces.

Inventory:

Hand Weapons
 n - a +2 vorpal hand axe (weapon)
Armour
 a - a +0 robe (worn)
Jewellery
 f - an amulet of magic regeneration (around neck)
 j - a ring of protection from cold (left hand)
Scrolls
 b - a scroll of silence {unknown}
 d - a scroll of teleportation {unknown}
 e - 3 scrolls of fear {unknown}
 k - a scroll of blinking {unknown}
 l - a scroll of noise {unknown}
 m - a scroll of identify {unknown}
 o - a scroll of brand weapon {unknown}
Potions
 c - 2 potions of curing {unknown}
 g - a potion of degeneration {unknown}
 h - a potion of mutation {unknown}
 i - a potion of flight {unknown}
 p - a potion of magic {unknown}


   Skills:
 + Level 1.3 Fighting
 + Level 0.8 Axes
 + Level 1.2 Armour
 - Level 1.5 Dodging
 - Level 1.5 Stealth
 + Level 1.8 Spellcasting
 + Level 4.2 Conjurations


You had 2 spell levels left.
You knew the following spells:

 Your Spells              Type           Power      Damage    Failure   Level
a - Magic Dart            Conj           68%        1d6       3%          1
b - Searing Ray           Conj           34%        3d4       4%          2

Your spell library contained the following spells:

 Spells                   Type           Power      Damage    Failure   Level
 Dazzling Flash           Conj/Hex       18%        N/A       22%         3
 Fulminant Prism          Conj/Hex       4%         3d6       56%         4
 Iskenderun's Mystic Bla  Conj/Tloc      9%         2d4       56%         4


Dungeon Overview and Level Annotations

Branches:
Dungeon (2/15)

Altars:
The Shining One

Annotations:
D:2 Sigmund


Message History

Sigmund is heavily wounded.
Sigmund hits you from afar with a +0 scythe.
Casting: Magic Dart (safe; 3% risk of failure)
Confirm with . or Enter, or press ? or * to list all spells.
Aiming: Magic Dart (safe; 3% risk of failure)
Press: ? - help, Shift-Dir - straight line, f/p - Sigmund
Aim: Sigmund, wielding a +0 scythe and wearing a +0 robe (heavily wounded, 100% to hit)
The magic dart hits Sigmund.
Sigmund is severely wounded.
Casting: Magic Dart (safe; 3% risk of failure)
Confirm with . or Enter, or press ? or * to list all spells.
Aiming: Magic Dart (safe; 3% risk of failure)
Press: ? - help, Shift-Dir - straight line, f/p - Sigmund
Aim: Sigmund, wielding a +0 scythe and wearing a +0 robe (severely wounded, 100% to hit)
The magic dart hits Sigmund.
Sigmund is almost dead.
Sigmund hits you from afar with a +0 scythe!
Sigmund points at you and mumbles some strange words.
The magic dart hits you.
* * * LOW HITPOINT WARNING * * *
Casting: Magic Dart (safe; 3% risk of failure)
Confirm with . or Enter, or press ? or * to list all spells.
Aiming: Magic Dart (safe; 3% risk of failure)
Press: ? - help, Shift-Dir - straight line, f/p - Sigmund
Aim: Sigmund, wielding a +0 scythe and wearing a +0 robe (almost dead, 100% to hit)
The magic dart hits Sigmund.
Sigmund is almost dead.
Casting: Magic Dart (safe; 3% risk of failure)
Confirm with . or Enter, or press ? or * to list all spells.
Aiming: Magic Dart (safe; 3% risk of failure)
Press: ? - help, Shift-Dir - straight line, f/p - Sigmund
Aim: Sigmund, wielding a +0 scythe and wearing a +0 robe (almost dead, 100% to hit)
The magic dart hits Sigmund but does no damage.
Sigmund is almost dead.
Sigmund points at you and mumbles some strange words.
The puff of flame hits you.
* * * LOW HITPOINT WARNING * * *
Sigmund gestures at you while chanting. The magic dart hits you.
You die...

#...@...# #...#####
#######.####
.....#.....##
............##
.............#
.............#
.............#######.###
.............@..@.......
.............#######.###
............##
...........##
###........###
#.......... #........#
#........# #........#


You could see Sigmund.

Vanquished Creatures
  A worm (D:2)
  A dart slug (D:1)
  3 ball pythons (D:1)
  5 endoplasms
  2 giant cockroaches
  2 goblins (D:1)
  A hobgoblin (D:2)
  A bat (D:2)
  A frilled lizard (D:2)
  A kobold (D:1)
  4 rats (D:1)
22 creatures vanquished.

Notes
Turn   | Place    | Note
-------+----------+-------------------------------------------
     0 | D:1      | squill the Hill Orc Conjurer began the quest for the Orb.
     0 | D:1      | Reached XP level 1. HP: 14/14 MP: 3/3
   284 | D:1      | Reached XP level 2. HP: 22/22 MP: 1/4
   295 | D:1      | Learned a level 2 spell: Searing Ray
   353 | D:1      | Reached skill level 1 in Fighting
   931 | D:1      | Reached skill level 1 in Armour
  1119 | D:2      | Reached XP level 3. HP: 28/28 MP: 2/5
  1226 | D:2      | Found a glowing golden altar of the Shining One.
  1233 | D:2      | Noticed Sigmund
  1259 | D:2      | Killed from afar by Sigmund

Illustrated notes

Levels and vault maps discovered:
D:1:      enne_arrival_octagon_isle, layout_basic
D:2:      minmay_recursive_quarters, layout_rooms, serial_shops,
          nicolae_shop_statue_plus, basic_altar, uniq_sigmund

Skill      XL: |  1  2 |
---------------+-------+-----
Fighting       | 1 |  1.3
Armour         | 1 |  1.2
Axes           | |  0.8
Dodging        | |  1.5
Stealth        | |  1.5
Spellcasting   | |  1.8
Conjurations   | |  4.2

Action                   || total
-------------------------++-------
Melee: Unarmed           ||     5
       Hand axe          ||     6
 Cast: Magic Dart        ||    60
Armor: Robe              ||     4
Dodge: Dodged            ||     7
